Map: Lightshade LE

Players

Infernox - Winner!

  • Race: Terran Terran
  • League: Diamond
  • Spawn Location: 5:00

Cheater 1 (Resources)

  • Race: Zerg Zerg
  • Spawn Location: 11:00

VOD

Have the link to the VOD?

Description

Time

  • Played on: Jan. 25, 2021, 8:44 a.m.
  • Length: 13:17
Show
View Real Time Build Order
Export as new Build Order

Infernox Terran - Winner!

Build Orders: Reaper Expand 

Get SALT Encoding   

  12  0:00  SCV  
  13  0:12  SCV  
  14  0:16  Supply Depot  
  14  0:24  SCV  
  15  0:38  SCV  
  15  0:39  Barracks  
  16  0:43  Refinery  
  16  0:50  SCV  
  17  1:02  SCV  
  18  1:14  SCV  
  19  1:26  Orbital Command  
  19  1:27  Reaper  
  20  1:40  Command Center  
  20  1:50  Supply Depot  
  20  1:52  SCV  
  21  1:59  Marine  
  22  2:04  Factory  
  22  2:08  SCV  
  23  2:18  Barracks  
  23  2:20  SCV  
  24  2:23  Barracks Reactor  
  24  2:33  SCV  
  25  2:45  SCV  
  26  2:51  Command Center  
  26  2:58  Orbital Command  
  26  3:02  SCV  
  27  3:05  Barracks Tech Lab  
  27  3:07  Barracks Reactor  
  27  3:15  Hellion  
  27  3:16  Hellion  
  27  3:18  SCV  
  32  3:23  Marine  
  32  3:24  SCV  
  34  3:27  Stimpack  
  34  3:30  SCV  
  35  3:36  Hellion  
  35  3:37  Hellion, SCV  
  40  3:43  Marine x2  
  40  3:44  SCV  
  43  3:50  Refinery  
  43  3:51  Refinery, SCV  
  44  3:56  SCV  
  44  4:02  Marine x3  
  46  4:03  Orbital Command  
  46  4:08  Starport  
  48  4:10  Hellion  
  48  4:13  SCV  
  48  4:14  SCV  
  52  4:19  Marine  
  52  4:20  Marine x2  
  55  4:25  SCV  
  55  4:26  SCV  
  57  4:32  Hellion, Supply Depot  
  57  4:34  SCV  
  57  4:37  Marine  
  57  4:38  Marine x2  
  61  4:45  Medivac x2  
  67  4:47  SCV x2  
  69  4:54  SCV  
  69  4:56  Engineering Bay  
  69  4:57  Hellion  
  69  4:58  Marine  
  69  4:59  Marine  
  74  5:01  Marine  
  74  5:03  SCV x2  
  77  5:11  Engineering Bay  
  77  5:22  Factory Reactor  
  77  5:23  Supply Depot  
  77  5:26  Barracks x2  
  77  5:28  Combat Shield  
  77  5:30  Barracks  
  77  5:37  SCV x3  
  77  5:39  Terran Infantry Armor Level 1, Terran Infantry Weapons Level 1  
  80  5:45  Supply Depot x2, Orbital Command  
  80  5:47  Supply Depot  
  80  5:53  SCV x2  
  80  5:54  Marine x2  
  80  5:55  Marine  
  85  5:59  Widow Mine x2  
  89  6:07  SCV x2  
  89  6:08  Refinery  
  91  6:11  Supply Depot x2  
  91  6:14  Barracks Reactor, Barracks Tech Lab  
  91  6:16  Barracks Reactor  
  91  6:18  SCV  
  92  6:19  SCV  
  92  6:21  Marine x2  
  92  6:23  SCV  
  96  6:27  Medivac x2  
  96  6:30  Widow Mine  
  96  6:31  Widow Mine  
  96  6:32  SCV  
  105  6:33  SCV  
  105  6:38  Supply Depot  
  105  6:39  Supply Depot  
  106  6:40  Marine  
  106  6:41  Marine  
  106  6:42  SCV  
  96  6:49  Marine x2  
  96  6:50  SCV x2  
  96  6:54  SCV, Marine x3  
  90  6:55  Widow Mine x2  
  90  7:00  Medivac  
  90  7:01  Marine x2, Medivac  
  102  7:03  SCV  
  102  7:07  SCV x2  
  107  7:10  Refinery  
  107  7:12  Armory  
  107  7:15  Marine x3  
  110  7:16  Supply Depot x2  
  110  7:18  Widow Mine  
  110  7:19  Widow Mine  
  110  7:20  Marine x2  
  110  7:22  SCV x2  
  118  7:23  Marine  
  118  7:24  Marine  
  118  7:26  Marine  
  118  7:27  SCV  
  122  7:33  Medivac, Marine  
  122  7:34  Marine, Medivac  
  122  7:35  Supply Depot  
  128  7:38  Marine x2  
  128  7:39  SCV  
  131  7:44  Concussive Shells  
  131  7:45  Marine x4  
  131  7:46  Widow Mine x2  
  131  7:51  Marine  
  141  7:53  Supply Depot x2  
  141  7:56  Supply Depot  
  141  7:57  Marine  
  144  8:03  Marauder, Marine x4  
  144  8:04  Command Center  
  147  8:08  Medivac x2  
  147  8:09  Widow Mine  
  153  8:13  Refinery, Widow Mine  
  155  8:20  Marine x3  
  155  8:21  Marine x3  
  155  8:22  SCV x2  
  162  8:30  Terran Infantry Weapons Level 2, Terran Infantry Armor Level 2  
  162  8:31  Terran Vehicle And Ship Armor Level 1  
  162  8:33  Marine x2  
  149  8:38  Marine x2  
  149  8:40  Marine  
  149  8:41  Widow Mine x2, Marine  
  151  8:50  Medivac x2  
  151  8:51  SCV x3  
  151  8:53  Marine x2  
  151  8:54  Marine  
  151  8:55  Marauder  
  162  8:56  Marine  
  163  9:03  Barracks x2  
  163  9:05  Barracks, SCV x2  
  163  9:06  SCV, Marine  
  163  9:07  Marine  
  163  9:08  Widow Mine  
  170  9:16  Marine  
  170  9:17  Marauder, Marine x3  
  171  9:18  Widow Mine  
  171  9:19  SCV, Marauder  
  171  9:20  SCV  
  181  9:26  Marine x2  
  183  9:35  Medivac x2  
  183  9:36  Marine x3  
  190  9:39  Marauder  
  190  9:40  Armory, Marauder  
  190  9:45  Refinery  
  185  9:49  SCV x3  
  185  9:50  Refinery, Factory  
  172  10:01  SCV x2  
  172  10:03  Marine x2  
  172  10:04  Barracks Reactor, Barracks Tech Lab x2, Marine x3  
  172  10:05  Widow Mine, Marauder x2  
  177  10:08  Planetary Fortress  
  170  10:23  Marine x6  
  170  10:24  Marauder x2  
  170  10:26  Marauder x2  
  170  10:27  Medivac x2  
  178  10:30  Widow Mine x2  
  182  10:41  Marine x2  
  184  10:43  Marine  
  184  10:44  Marine x3  
  184  10:45  Marauder  
  184  10:47  Marauder  
  194  10:52  Command Center  
  194  10:55  Command Center  
  188  10:58  Factory Reactor  
  188  10:59  Factory Tech Lab  
  188  11:02  Terran Vehicle Weapons Level 1  
  186  11:09  Marine x3  
  186  11:10  Widow Mine, Marauder x2  
  195  11:12  Widow Mine  
  188  11:28  Marine x5  
  188  11:29  Widow Mine, Medivac x2  
  188  11:31  Drilling Claws  
  199  11:33  SCV  
  199  11:38  Barracks x2  
  200  11:41  Barracks  
  200  11:46  Widow Mine  
  199  11:51  Refinery  
  199  11:53  Refinery  
  199  11:54  Starport  
  192  11:56  Marauder, Marine x3  
  192  11:58  Widow Mine  
  199  12:03  Factory  
  199  12:04  Marine  
  199  12:05  Factory  
  200  12:19  Refinery  
  200  12:25  Command Center  
  200  12:30  Command Center  
  200  12:31  Command Center  
  200  12:33  Sensor Tower  
  200  12:34  Sensor Tower, Planetary Fortress  
  200  12:37  Refinery  
  200  12:46  Starport Reactor  
  200  12:48  Sensor Tower, Starport  
  200  12:59  Starport  
  200  13:00  Barracks Reactor, Barracks Tech Lab  
  200  13:01  Barracks Tech Lab  
Show
View Real Time Build Order
Export as new Build Order

Cheater 1 (Resources) Zerg 

Build Orders: Hatch First 

Get SALT Encoding   

  12  0:00  Drone  
  13  0:12  Overlord  
  13  0:16  Drone  
  14  0:31  Drone x2  
  14  0:34  Drone  
  17  0:54  Hatchery  
  17  0:55  Drone  
  17  1:09  Spawning Pool  
  16  1:12  Drone  
  16  1:15  Extractor  
  16  1:17  Drone  
  17  1:20  Drone  
  18  1:28  Drone  
  19  1:38  Overlord  
  19  1:49  Drone  
  20  1:55  Queen  
  20  2:00  Zergling x2  
  23  2:05  Drone, Queen  
  26  2:11  Drone  
  27  2:21  Roach Warren  
  26  2:24  Drone  
  26  2:25  Extractor  
  26  2:27  Drone  
  27  2:30  Zergling x2  
  27  2:36  Overlord  
  27  2:39  Drone  
  27  2:43  Drone  
  29  2:48  Drone  
  30  2:53  Drone  
  31  2:59  Drone  
  31  3:02  Zergling x2, Roach  
  31  3:03  Zergling x2  
  36  3:07  Roach  
  36  3:12  Roach  
  40  3:16  Roach  
  40  3:18  Drone  
  43  3:20  Drone  
  43  3:26  Overlord  
  44  3:33  Lair  
  44  3:44  Drone x4  
  44  3:47  Drone  
  49  3:49  Drone  
  49  3:51  Drone  
  49  3:53  Drone  
  52  3:58  Overlord  
  52  4:16  Drone x5, Zergling x2  
  52  4:17  Zergling x4  
  60  4:18  Overlord  
  60  4:21  Overlord  
  60  4:31  Infestation Pit  
  60  4:32  Drone  
  60  4:33  Drone, Hydralisk Den  
  60  4:36  Roach  
  60  4:37  Roach  
  68  4:38  Roach x2, Overlord  
  68  4:56  Drone  
  68  4:57  Drone  
  68  4:59  Overlord  
  70  5:02  Hydralisk  
  70  5:03  Hydralisk  
  70  5:04  Hydralisk x2  
  78  5:09  Hive  
  78  5:12  Overlord  
  78  5:13  Infestor  
  80  5:14  Overlord  
  80  5:19  Drone, Evolution Chamber  
  80  5:21  Evolution Chamber  
  80  5:22  Drone  
  80  5:23  Overlord  
  80  5:26  Overlord  
  80  5:31  Zergling x2  
  80  5:33  Zergling x2  
  80  5:34  Zergling x2  
  82  5:35  Zergling x2  
  82  5:40  Infestor  
  82  5:41  Zergling x4  
  85  5:43  Zergling x4  
  87  5:51  Overlord x2, Zergling x2  
  88  5:59  Infestor  
  90  6:21  Overlord, Overseer  
  90  6:24  Drone, Hatchery  
  90  6:25  Drone, Spore Crawler  
  90  6:26  Drone  
  90  6:27  Spore Crawler  
  90  6:28  Drone, Extractor  
  90  6:29  Drone  
  90  6:30  Drone, Evolution Chamber  
  90  6:32  Extractor  
  90  6:33  Drone  
  90  6:34  Hatchery  
  90  6:35  Drone  
  91  6:41  Ultralisk Cavern  
  91  6:42  Drone  
  91  6:45  Zergling x4  
  81  6:51  Drone x2  
  77  6:55  Drone x3  
  80  7:05  Hydralisk  
  82  7:09  Baneling Nest  
  82  7:11  Drone  
  82  7:19  Zerg Missile Weapons Level 1  
  82  7:20  Spine Crawler  
  82  7:21  Drone  
  82  7:22  Spine Crawler  
  81  7:23  Drone  
  81  7:28  Ultralisk  
  88  7:34  Ultralisk  
  94  7:40  Queen  
  96  7:45  Zerg Ground Armor Level 1  
  96  7:46  Queen  
  96  7:47  Drone x3  
  96  7:48  Drone x5  
  96  7:49  Drone x6  
  112  7:53  Baneling x4  
  112  7:54  Extractor  
  112  7:56  Drone  
  112  7:57  Zergling x2, Extractor  
  112  7:58  Drone x3, Zergling x2  
  115  8:00  Drone  
  115  8:04  Hatchery  
  116  8:07  Drone x2  
  116  8:09  Drone  
  116  8:10  Drone  
  120  8:18  Drone x2  
  120  8:19  Drone  
  129  8:20  Ultralisk, Drone x2  
  129  8:21  Zerg Melee Weapons Level 1  
  131  8:30  Zergling x2  
  131  8:31  Roach  
  131  8:32  Zergling x2  
  125  8:35  Hydralisk  
  125  8:36  Roach  
  125  8:37  Hydralisk  
  125  8:38  Hydralisk  
  125  8:40  Roach  
  119  8:47  Zergling x2, Baneling  
  119  8:48  Extractor, Baneling  
  113  8:52  Ultralisk  
  113  8:55  Zergling x2, Baneling x2  
  120  9:04  Spire  
  120  9:06  Zergling x2, Baneling  
  120  9:12  Spore Crawler  
  120  9:14  Spore Crawler  
  120  9:16  Drone, Queen  
  122  9:17  Drone x3, Zergling x2  
  122  9:22  Zergling x2, Extractor, Baneling x2  
  122  9:24  Drone  
  126  9:25  Centrifical Hooks, Baneling  
  126  9:26  Extractor  
  126  9:27  Drone  
  126  9:35  Zergling x2, Baneling x2  
  126  9:38  Ultralisk  
  133  9:39  Zergling x4, Drone, Spine Crawler  
  133  9:40  Baneling  
  133  9:41  Zergling x4  
  136  9:46  Roach  
  136  9:47  Hydralisk, Roach  
  136  9:48  Roach  
  136  9:50  Hydralisk  
  136  9:51  Roach  
  134  9:53  Hydralisk  
  134  9:55  Zergling x2, Baneling x2  
  134  9:57  Zergling x2, Baneling x3  
  134  9:58  Zergling x2, Queen, Baneling  
  122  10:00  Zergling x2, Drone, Overseer, Spine Crawler  
  122  10:01  Zergling x2  
  122  10:02  Hydralisk, Zergling x4  
  122  10:03  Zergling x4  
  119  10:07  Drone  
  119  10:08  Drone  
  119  10:09  Drone x3  
  119  10:10  Drone x4  
  119  10:11  Drone, Roach  
  119  10:12  Spine Crawler  
  119  10:13  Drone  
  103  10:15  Drone  
  103  10:18  Roach  
  103  10:20  Extractor  
  103  10:21  Hydralisk, Roach  
  97  10:24  Drone  
  97  10:25  Ultralisk  
  97  10:26  Drone, Zergling x2, Mutalisk  
  97  10:28  Drone x3, Zergling x2  
  106  10:29  Baneling x2  
  106  10:30  Baneling  
  106  10:32  Drone x2  
  109  10:36  Drone x2  
  109  10:39  Roach  
  109  10:43  Drone x2  
  109  10:46  Drone  
  109  10:47  Drone  
  109  10:49  Baneling x2  
  113  10:50  Drone  
  113  10:53  Zergling x2  
  113  10:54  Drone  
  113  10:56  Zergling x2, Ultralisk  
  113  10:57  Drone  
  113  10:58  Drone, Zergling x2  
  113  11:01  Roach  
  113  11:03  Hydralisk, Drone, Zergling x2  
  112  11:05  Hydralisk, Zergling x2  
  112  11:06  Overseer  
  112  11:07  Hydralisk  
  112  11:09  Hydralisk  
  115  11:11  Drone  
  111  11:20  Drone  
  111  11:22  Roach  
  111  11:24  Drone  
  111  11:25  Drone  
  102  11:26  Drone  
  102  11:28  Drone  
  102  11:30  Drone  
  102  11:32  Roach  
  102  11:33  Hatchery  
  80  11:47  Zergling x2  
  80  11:50  Zergling x2  
  63  11:59  Baneling Nest  
  39  12:10  Zergling x2  
  25  12:25  Hatchery  
  18  12:35  Zergling x2  
  17  13:04  Drone  
Tags
 
Add a new tag
Caveats
  • Supply blocks, unpowered buildings, or Contaminate may cause inaccurate times.
  • Supply counts are checked every 10 seconds.